Eeel, chaotic male elven Priest ----- |...| -------- #....| ------------ ##-.{.....######|...| |..........| # |....._| |...| #...........| ### ---.---- --|-- #|..........| # ## ### #------.----- ### # # # # # ### ### # # ---------- ### # # # ### #-.........################################`###### # ###|........| ### # #-------.--# # ---.--- --------- # |..<.....| # # #|........|# ### |..@..| |........### |.........##### ---------- #|........|# |.....| |.......| ----------# # |........| #|........|# |....d| |.......-###############` ##.........-##########|........-# |...>.| ----.---- |........| |........| |.....| |.......`| |........| ------- ---------- ---------- Eeel the Acolyte Experience level: 4 Strength: 12 Dexterity: 12 Constitution: 13 Intelligence: 11 Wisdom: 16 Charisma: 10 Health: 34(34) Energy: 52(52) Def: 3 Gold: 513 Moves: 1941 Dungeon seed: GcEL8JePasFwTwjz Game ID: Eeel_1614820768 Your Inventory: Coins $ - 513 gold pieces Weapons a - a blessed +1 mace (weapon in hand) p - a +0 sling C - a +0 crossbow (alternate weapon; not wielded) D - 5 +0 crossbow bolts (in quiver) Armor e - a +0 robe (being worn) n - a +0 small shield (being worn) q - a +0 pair of fumble boots N - a blessed +0 orcish helm Comestibles c - a clove of garlic d - 2 sprigs of wolfsbane m - an orange Scrolls s - a scroll of blank paper z - a scroll of confuse monster Spellbooks f - a spellbook of remove curse g - a spellbook of extra healing w - a spellbook of sleep Potions b - 4 potions of holy water j - a cursed potion of speed Wands u - a wand of cancellation (0:8) v - a wand of make invisible (0:8) x - a cursed wand of opening (0:5) Tools h - a bell B - a tallow candle (0:200) Gems r - 3 worthless pieces of red glass y - a worthless piece of violet glass Spells and supernatural/magical abilities: Name Level Category Fail Memory r - remove curse 3 clerical 0% 91% x - extra healing 3 healing 90% 91% z - sleep 1 enchantment 0% 98% W - pray for help -- divine ? -- X - turn undead -- divine ? -- Your skills at the end: Fighting Skills Weapon Skills mace [Basic] Spellcasting Skills clerical spells [Basic] Final Attributes: You were piously aligned. You were sleep resistant. You had infravision. You were unlucky. Kos was angry with you. You survived. Vanquished creatures: a little dog 2 iguanas 2 coyotes a hobbit 9 manes a large kobold 2 gnomes a garter snake 2 geckos 3 jackals a fox a goblin 2 sewer rats 4 grid bugs 2 lichens a kobold zombie 2 newts 37 creatures vanquished. Voluntary challenges: You used a wielded weapon 34 times, starting on turn 129. You read items or engraved 2 times, starting on turn 1192. You never genocided any monsters. You never polymorphed an object. You never changed form. You used no wishes. You never split a pudding. You never wrote Elbereth's name. You never violated your personal moral code. Dungeon overview: The Dungeons of Doom: levels 1 to 5 Level 1 a long staircase Level 2 Level 3 a long staircase Level 4 Level 5 <- You were here an altar to Kos, a fountain History has recorded: On T:1 you entered the Dungeons of Doom to retrieve the Amulet of Yendor! On T:361 you reached level 2 of The Dungeons of Doom. On T:667 you reached level 3 of The Dungeons of Doom. On T:946 you advanced to experience level 2. On T:982 you reached level 4 of The Dungeons of Doom. On T:1264 you advanced to experience level 3. On T:1340 you reached level 5 of The Dungeons of Doom. On T:1770 you advanced to experience level 4. Score breakdown: Gold: 513 ( 9221 points) Experience: 4 levels ( 9649 points) Exploration: 5 levels ( 10.42%) ( 8751 points) Discoveries: 5 items ( 1.74%) ( 3959 points) Valuables value: (no points given unless you survive) Artifact value: 0 ( 0 points) Variety of kills: 17 monsters ( 4.46%) ( 6336 points) Turncount: 1941 turns ( 0 points) Survival: quit (score multiplied by 90%) Total score: 34124 Latest messages: You are empty handed. a - a blessed +1 mace (alternate weapon; not wielded). You are now wielding your crossbow. You are now wielding your mace. C - a crossbow (alternate weapon; not wielded). You see here a crossbow bolt. D - a crossbow bolt. You displace your little dog. D - 5 crossbow bolts (in quiver). With great effort you move the boulder. You hear some noises. You displace Qwerty. You see here a blessed iron skull cap. You displace your little dog. You see here a blessed iron skull cap. N - a blessed iron skull cap. You hear water falling on coins. Elf needs food, badly! You stop running. You begin praying to Kos. You feel that Kos is displeased. Final status: Goodbye Eeel the Priest, quit... You quit in The Dungeons of Doom on dungeon level 5 with 34124 points, and 513 pieces of gold, after 1941 moves. You were level 4 with a maximum of 34 hit points when you quit.